 Dungeon Crawl Stone Soup version 0.29.1-15-g9cfb28693d (webtiles) character file.

Game seed: 17994770636595070269

65 Jase the Caller (level 4, -3/30 HPs)
             Began as a Merfolk Summoner on Apr 23, 2023.
             Slain by a goblin
             ... wielding a +0 club
             ... led by Robin
              (5 damage)
             ... on level 3 of the Dungeon.
             The game lasted 00:09:24 (2300 turns).

Jase the Caller (Merfolk Summoner)                  Turns: 2300, Time: 00:09:24

Health: -3/30      AC:  2    Str:  8    XL:     4   Next: 13%
Magic:  1/7        EV: 13    Int: 16    God:
Gold:   26         SH:  0    Dex: 14    Spells: 7/8 levels left

rFire   . . .      SeeInvis .   a - +0 dagger
rCold   . . .      Faith    .   (no shield)
rNeg    . . .      Spirit   .   e - +0 robe
rPois   .          Reflect  .   (no helmet)
rElec   .          Harm     .   (no cloak)
rCorr   .          Rampage  .   (no gloves)
Will    .....                   (no boots)
Stlth   ++........              (no amulet)
HPRegen 0.10/turn               (no ring)
MPRegen 0.10/turn               (no ring)

@: no status effects
A: (nimble swimmer 2), mertail
a: no special abilities


You were on level 3 of the Dungeon.
You visited 1 branch of the dungeon, and saw 4 of its levels.

You collected 26 gold pieces.

Inventory:

Hand Weapons
 a - a +0 dagger (weapon)
Missiles
 i - 10 stones
Armour
 e - a +0 robe (worn)
Scrolls
 c - 2 scrolls of vulnerability {unknown}
 d - a scroll of noise {unknown}
 g - a scroll of identify {unknown}
 j - a scroll of teleportation {unknown}
 k - a scroll of blinking {unknown}
 l - a scroll of enchant armour {unknown}
 m - a scroll of amnesia {unknown}
Potions
 b - a potion of magic
 f - a potion of curing {unknown}
 h - a potion of ambrosia {unknown}


   Skills:
 + Level 3.6 Dodging
 - Level 2.1 Stealth
 + Level 2.6 Spellcasting
 * Level 4.8 Summonings


You had 7 spell levels left.
You knew the following spells:

 Your Spells              Type           Power      Damage    Failure   Level
a - Summon Small Mammal   Summ           68%        N/A       2%          1

Your spell library contained the following spells:

 Spells                   Type           Power      Damage    Failure   Level
 Call Imp                 Summ           17%        N/A       4%          2
 Call Canine Familiar     Summ           17%        N/A       8%          3
 Summon Guardian Golem    Hex/Summ       9%         N/A       22%         3
 Summon Lightning Spire   Summ/Air       9%         N/A       58%         4


Dungeon Overview and Level Annotations

Branches:
Dungeon (4/15)
 Temple: D:4-7

Altars:

Annotations:
D:3 Robin


Innate Abilities, Weirdness & Mutations

((You are very nimble when in or above water. (Stealth+, EV+, Speed+++)))
Your lower body shifts to a powerful aquatic tail in water.


Message History

The goblin hits you with a +0 dagger.
* * * LOW HITPOINT WARNING * * *
You swap places.
The goblin no longer looks unusually strong. x2
Your quokka barely misses Robin.
The goblin hits your rat with a +0 dagger.
Your rat dies!
Your rat's corpse disappears in a puff of smoke!
Robin misses your quokka.
You see here a +0 dagger.
Your quokka bites Robin.
Robin hits your quokka with a +0 dagger.
Casting: Summon Small Mammal (safe; 2% risk of failure)
Confirm with . or Enter, or press ? or * to list all spells.
You closely miss the goblin. The goblin hits you with a +0 dagger.
* * * LOW HITPOINT WARNING * * *
Robin roars a battlecry!
The goblin goes into a battle-frenzy!
You hit the goblin.
The goblin is moderately wounded.
Your quokka bites the goblin.
The goblin dies!
Robin barely misses your quokka.
You swap places.
Your quokka bites Robin but does no damage.
Robin barely misses your quokka.
Your quokka bites Robin.
Robin closely misses your quokka. What are your orders? t - Shout!
Orders for allies: a - Attack new target. r - Retreat! s - Stop attacking. g - Guard the area. f - Follow me.
Anything else - Cancel.
Gang up on whom?
Press: ? - help, Dir - move target, f - Robin
Aim: Robin, wielding a +0 dagger, wearing a +2 animal skin and wearing a +2 helmet (moderately wounded) Attack!
Robin throws the goblin at you!
You hit the goblin but do no damage.
Your quokka bites Robin.
Your quokka misses Robin. The goblin hits you with a +0 club.
You die...

.........##
#..........
#....)....#.
####...........
#.........#..#
#............#
#............#
#......@g...>#
#............#
#.).....†....#
#.........####
#rr.......#
#g######### #
#.#
.#########.#
.)†.ggr.§g.#


You could see Robin (distracted, ally target), a goblin (strong) and 2 friendly
quokkas.

Vanquished Creatures
  An adder (D:2)
  A dart slug (D:1)
  2 ball pythons (D:1)
  2 bats
  An endoplasm (D:1)
  A giant cockroach (D:3)
  3 hobgoblins
  A quokka (D:1)
  2 goblins
14 creatures vanquished.

Vanquished Creatures (collateral kills)
  2 ball pythons
  3 bats
  3 endoplasms
  A giant cockroach (D:2)
  3 goblins
  10 hobgoblins
  2 quokkas
  3 frilled lizards (D:1)
  A kobold (D:2)
  4 rats
32 creatures vanquished.

Vanquished Creatures (others)
  6 plants (D:4)
6 creatures vanquished.

Grand Total: 52 creatures vanquished

Notes
Turn   | Place    | Note
-------+----------+-------------------------------------------
     0 | D:1      | Jase the Merfolk Summoner began the quest for the Orb.
     0 | D:1      | Reached XP level 1. HP: 13/13 MP: 3/3
    32 | D:1      | Found a faded altar of an unknown god.
    32 | D:1      | Noticed a red devil
   256 | D:1      | Reached XP level 2. HP: 12/19 MP: 1/5
   988 | D:1      | Reached XP level 3. HP: 24/24 MP: 3/6
  2103 | D:2      | You fall into a shaft and drop 2 floors!
  2227 | D:3      | Reached XP level 4. HP: 30/30 MP: 3/7
  2268 | D:3      | Noticed Robin
  2292 | D:3      | HP: 1/30 [goblin/+0 dagger[Robin] (1)]
  2300 | D:3      | Slain by a goblin

Illustrated notes

Levels and vault maps discovered:
D:1:      minmay_arrival_jagged, layout_basic,
          dreamdust_ecumenical_altar_sealed_demon, minmay_tree_intersection
D:2:      layout_basic, minmay_worlds_worst_comb
D:3:      kennysheep_six_static_rooms, layout_basic,
          cheibrodos_sewer_entry_drain, uniq_robin, uniq_grinder
D:4:      wad_lake_hut, layout_gridville, kennysheep_big_empty_room,
          serial_park_tiny_1

Skill      XL: |  1 |
---------------+----+-----
Dodging        | 3 |  3.6
Stealth        | |  2.1
Spellcasting   | |  2.6
Summonings     | |  4.8

Action                   |  1- 3 |  4- 6 || total
-------------------------+-------+-------++-------
Melee: Unarmed           |     8 |       ||     8
       Club              |    42 |       ||    42
       Dagger            |    19 |    18 ||    37
 Cast: Summon Small Mamm |    70 |     9 ||    79
 Stab: Distracted        |     1 |       ||     1
Armor: Robe              |    13 |     3 ||    16
Dodge: Dodged            |    58 |     9 ||    67
